Map: Base du roi Sejong EC

Players

zidar

  • Race: Zerg Zerg
  • League: Gold
  • Spawn Location: 11:00

Igogo - Winner!

  • Race: Zerg Zerg
  • League: Silver
  • Spawn Location: 5:00

VOD

Have the link to the VOD?

Description

Time

  • Played on: June 7, 2016, 2:47 p.m.
  • Length: 7:14
Show
View Real Time Build Order
Export as new Build Order

zidar Zerg 

Build Orders: Pool First 

Get SALT Encoding   

  12  0:01  Drone  
  13  0:12  Overlord  
  13  0:19  Drone  
  14  0:32  Drone x2  
  14  0:34  Drone  
  17  0:49  Spawning Pool  
  16  0:51  Drone  
  17  1:15  Hatchery  
  17  1:16  Drone  
  17  1:19  Extractor  
  17  1:21  Drone  
  17  1:28  Drone  
  17  1:32  Overlord  
  18  1:39  Drone  
  19  1:47  Queen  
  21  1:56  Zergling x2  
  22  2:10  Drone  
  22  2:19  Spine Crawler  
  21  2:24  Roach Warren  
  21  2:29  Evolution Chamber  
  19  2:32  Zergling x6  
  22  2:57  Baneling Nest, Metabolic Boost  
  21  3:01  Drone x3  
  21  3:05  Extractor, Drone  
  24  3:08  Drone  
  25  3:23  Zergling x2  
  25  3:24  Zergling x4  
  28  3:50  Zergling x4  
  28  3:53  Zergling x2  
  28  3:55  Zergling x2  
  32  4:02  Overlord, Hatchery  
  31  4:19  Baneling  
  24  4:41  Roach x6  
  24  4:45  Baneling x2  
  36  4:46  Baneling x2  
  36  4:57  Queen  
  31  5:22  Roach x4  
  39  5:33  Queen  
  41  5:37  Overlord  
  41  5:46  Drone x3  
  44  6:04  Zergling x6  
  35  6:23  Spine Crawler  
  35  6:25  Baneling  
  34  6:26  Baneling x2  
  34  6:29  Zergling x8  
Show
View Real Time Build Order
Export as new Build Order

Igogo Zerg - Winner!

Build Orders: Pool First, Zergling Baneling 

Get SALT Encoding   

  12  0:01  Drone  
  13  0:08  Drone  
  14  0:17  Overlord  
  14  0:32  Extractor  
  13  0:35  Drone  
  13  0:36  Drone x2  
  16  0:49  Spawning Pool  
  15  0:53  Drone  
  16  0:59  Drone  
  17  1:08  Drone  
  18  1:19  Drone  
  19  1:43  Zergling x4  
  21  1:54  Overlord  
  21  2:01  Metabolic Boost  
  21  2:02  Drone  
  22  2:13  Hatchery  
  21  2:19  Zergling x2  
  21  2:21  Queen  
  24  2:30  Drone  
  25  2:38  Drone  
  25  2:39  Baneling Nest  
  25  2:54  Zergling x2  
  26  3:04  Drone  
  27  3:08  Zergling x2  
  28  3:21  Evolution Chamber  
  28  3:23  Zergling x2  
  28  3:27  Zergling x2  
  28  3:28  Zergling x2  
  30  3:34  Queen  
  30  3:36  Overlord  
  32  3:43  Zergling x8  
  36  3:49  Baneling x4  
  36  3:53  Zerg Melee Weapons Level 1  
  36  3:57  Drone x2  
  38  4:12  Zergling x10  
  38  4:14  Overlord  
  41  4:36  Zergling x8  
  44  4:44  Drone  
  45  4:49  Baneling x4  
  45  4:50  Baneling  
  45  4:52  Zergling x4  
  47  4:59  Zergling x2  
  48  5:02  Drone  
  44  5:25  Roach Warren  
  43  5:31  Spine Crawler  
  43  5:32  Spine Crawler  
  43  5:34  Spine Crawler  
  43  5:35  Zergling x12  
  46  5:46  Drone x6  
  51  6:13  Baneling x3  
  51  6:14  Baneling x4  
  51  6:20  Overlord x3  
  51  6:28  Baneling x4  
  51  6:29  Baneling  
  40  6:47  Zergling x2  
  40  6:48  Zergling x16  
Tags
 
Add a new tag
Caveats
  • Supply blocks, unpowered buildings, or Contaminate may cause inaccurate times.
  • Supply counts are checked every 10 seconds.